 Dungeon Crawl Stone Soup version 0.32-a0-995-gb4a59205af (webtiles) character file.

Game seed: 13273179286482469441

0 elagabalus the Ducker (level 1, 23/23 HPs)
             Began as a Gnoll Monk on Apr 22, 2024.
             Quit the game on level 1 of the Dungeon.
             The game lasted 00:00:30 (34 turns).

elagabalus the Ducker (Gnoll Monk)                    Turns: 34, Time: 00:00:31

Health: 23/23      AC:  2    Str: 10    XL:     1   Next: 10%
Magic:  1/1        EV: 13    Int:  9    God:
Gold:   0          SH:  0    Dex: 14    Spells: 0/0 levels left

rFire   . . .        a - +0 mace
rCold   . . .        d - orb {light}
rNeg    . . .        b - +0 robe
rPois   .            (no helmet)
rElec   .            (no cloak)
rCorr   .            (no gloves)
SInv    .            (no boots)
Will    .....        (no amulet)
Stlth   +            (no ring)
HPRegen 0.23/turn    (no ring)
MPRegen 0.07/turn

%: no passive effects
@: glowing
A: fangs 1, strong nose, distributed training
a: no special abilities


You were on level 1 of the Dungeon.
You visited 1 branch of the dungeon, and saw 1 of its levels.

Inventory:

Hand Weapons
 a - a +0 mace (weapon)
Armour
 b - a +0 robe (worn)
 d - an orb of light (worn)
Potions
 c - a potion of ambrosia


   Skills:
 + Level 6.4 Fighting
 + Level 0.0 Short Blades
 + Level 0.0 Long Blades
 + Level 0.0 Axes
 + Level 6.4 Maces & Flails
 + Level 0.0 Polearms
 + Level 0.0 Staves
 + Level 0.0 Ranged Weapons
 + Level 0.0 Throwing
 + Level 0.0 Armour
 + Level 6.4 Dodging
 + Level 0.0 Stealth
 + Level 0.0 Shields
 + Level 0.0 Unarmed Combat
 + Level 0.0 Spellcasting
 + Level 0.0 Conjurations
 + Level 0.0 Hexes
 + Level 0.0 Summonings
 + Level 0.0 Necromancy
 + Level 0.0 Translocations
 + Level 0.0 Fire Magic
 + Level 0.0 Ice Magic
 + Level 0.0 Air Magic
 + Level 0.0 Earth Magic
 + Level 0.0 Alchemy
 + Level 0.0 Invocations
 + Level 0.0 Evocations
 + Level 0.0 Shapeshifting


You couldn't memorise any spells.
You didn't know any spells.
Your spell library was empty.

Dungeon Overview and Level Annotations

Branches:
Dungeon (1/15)

Altars:


Innate Abilities, Weirdness & Mutations

You have very sharp teeth.
Your uncanny sense of smell can sniff out nearby items.
Your experience applies equally to all skills.


Message History

Welcome, elagabalus the Gnoll Monk.
A smirking vizier told you that the Orb of Zot is just within this dungeon.
Press ? for a list of commands and other information.
Found a staircase leading out of the dungeon.
You hit the plant.
The plant begins to die.
The plant is lightly damaged.
You hit the plant.
The plant is lightly damaged.
A nearby plant withers and dies.
You open the gate.
Found 16 gold pieces.
There is an open gate here.
There is an open gate here.
There is an open gate here.
A rat comes into view.
You see here 16 gold pieces.
The rat misses you.
You barely miss the rat. The rat barely misses you.
You barely miss the rat. The rat closely misses you.
You hit the rat.
You kill the rat!
Saving game... please wait.
Welcome back, elagabalus the Gnoll Monk.
Press ? for a list of commands and other information.
Are you sure you want to abandon this character and quit the game? (Confirm with "yes".)

#.# #.# #.# #.# #.#
########## #.#
#≈≈≈≈..P♣P #.#
#≈≈≈~....# #@########
#≈≈≈.....###.........
#≈≈~..♣...'..########
#≈≈~......'.##
#≈≈≈~.....'$#
#≈≈~~....####
#≈≈≈.....##
#≈≈≈......#
#≈≈~~....♣#


There were no monsters in sight!

Vanquished Creatures
  A rat (D:1)
1 creature vanquished.

Notes
Turn   | Place    | Note
-------+----------+-------------------------------------------
     0 | D:1      | elagabalus the Gnoll Monk began the quest for the Orb.
     0 | D:1      | Reached XP level 1. HP: 23/23 MP: 1/1
    34 | D:1      | Quit the game

Illustrated notes

Levels and vault maps discovered:
D:1:      kennysheep_arrival_seaside, layout_loops_ring, serial_glass,
          glass_columns_b, glass_columns_a, minmay_pentomino_u4

Action                     || total
---------------------------++-------
  Melee: Mace              ||     5
  Dodge: Dodged            ||     3

Table legend: (Time is in decaauts)
 A = Elapsed time spent in this place.
 B = Non-inter-level travel time spent in this place.
 C = Inter-level travel time spent in this place.
 D = Time resting spent in this place.
 E = Time spent auto-exploring this place.
 F = Levels seen in this place.
 G = Mean time per level.
                   A        B        C        D        E       F      G
               +--------+--------+--------+--------+--------+-----+--------+
         Total |     34 |     34 |      0 |      0 |      0 |   1 |   34.0 |
       Dungeon |     34 |     34 |      0 |      0 |      0 |   1 |   34.0 |
               +--------+--------+--------+--------+--------+-----+--------+

Top non-repeatable levels by time:
     D:1: 34 daAuts
